 Dungeon Crawl Stone Soup version 0.26.1-12-g5ba1501909 (webtiles) character file.

Game seed: 18042304545138163885

75 Zeld the Gusty (level 4, -3/24 HPs)
             Began as a Tengu Air Elementalist on Oct 27, 2021.
             Slain by a gnoll (4 damage)
             ... on level 2 of the Dungeon.
             The game lasted 00:05:23 (2716 turns).

Zeld the Gusty (Tengu Air Elementalist)             Turns: 2716, Time: 00:05:23

Health: -3/24      AC:  3    Str:  9    XL:     4   Next: 31%
Magic:  1/8        EV: 13    Int: 16    God:
Gold:   90         SH:  0    Dex: 14    Spells: 0/8 levels left

rFire    . . .     SeeInvis .   (no weapon)
rCold    . . .     Faith    .   (no shield)
rNeg     . . .     Spirit   .   a - +0 robe
rPois    .         Reflect  .   (helmet restricted)
rElec    .         Harm     .   (no cloak)
rCorr    .         Rampage  .   p - +0 pair of gloves
Will     .....                  (boots unavailable)
Stlth    ++........             (no amulet)
HPRegen  0.08/turn              (no ring)
MPRegen  0.11/turn              (no ring)

@: no status effects
A: beak, talons 3
a: no special abilities


You were on level 2 of the Dungeon.
You visited 1 branch of the dungeon, and saw 3 of its levels.

You collected 90 gold pieces.

Inventory:

Armour
 a - a +0 robe (worn)
 p - a +0 pair of gloves (worn)
Scrolls
 d - a scroll of teleportation {unknown}
 e - 2 scrolls of remove curse {unknown}
 f - a scroll of identify {unknown}
 g - 2 scrolls of immolation {unknown}
 h - 3 scrolls of enchant weapon {unknown}
 k - a scroll of random uselessness {unknown}
 l - a scroll of noise {unknown}
 n - a scroll of fear {unknown}
Potions
 b - 4 potions of curing {unknown}
 c - 2 potions of attraction {unknown}
 i - a potion of flight {unknown}
 j - a potion of haste {unknown}
 m - a potion of brilliance {unknown}
 o - a potion of mutation {unknown}


   Skills:
 + Level 0.8 Fighting
 * Level 2.0 Armour
 + Level 2.5 Dodging
 + Level 2.2 Stealth
 * Level 2.6 Spellcasting
 + Level 1.9 Conjurations
 * Level 4.5 Air Magic


You couldn't memorise any spells.
You knew the following spells:

 Your Spells              Type           Power        Failure   Level
a - Shock                 Conj/Air       48%          5%          1
b - Static Discharge      Conj/Air       12%          16%         3
c - Airstrike             Air            8%           30%         4

Your spell library contained the following spells:

 Spells                   Type           Power        Failure   Level
 Swiftness                Air            16%          4%          2
 Lightning Bolt           Conj/Air       6%           82%         5


Dungeon Overview and Level Annotations

Branches:
Dungeon (3/15)

Altars:


Innate Abilities, Weirdness & Mutations

You have a beak for a mouth.
You have claws for feet.


Message History

You barely miss the gnoll. You claw the gnoll.
The gnoll is moderately wounded.
You hear some strange, mumbled words.
A puff of flame appears from out of thin air!
Deactivating autopickup; reactivate with Ctrl-A.
The puff of flame hits you! The gnoll hits you but does no damage.
Something barely misses you.
Casting: Shock (safe; 5% risk of failure)
Confirm with . or Enter, or press ? or * to list all spells.
Aiming: Shock (safe; 5% risk of failure)
Press: ? - help, Shift-Dir - straight line, f - gnoll
Aim: a gnoll (moderately wounded, 28% to evade)
The zap hits the gnoll.
The gnoll is severely wounded.
Something hits you.
* * * LOW HITPOINT WARNING * * *
The gnoll hits you.
* * * LOW HITPOINT WARNING * * *
You closely miss something. Your kick misses something. The gnoll hits you.
You die...

###### #....#
########....######
#@{.........+.....
#g######....#.....
#.# #)...........
#.# #.#....#.....
#.# #.#....#.....
#.####.#....#.)...
#......#....##.#+#
#.############.#.#
#.................


You could see a gnoll.

Vanquished Creatures
  A gnoll (D:1)
  2 oozes
  A dart slug (D:1)
  A leopard gecko (D:1)
  3 ball pythons
  3 giant cockroaches
  7 goblins
  8 hobgoblins
  8 kobolds
  2 quokkas (D:2)
  6 bats
  4 frilled lizards
  6 rats
52 creatures vanquished.

Notes
Turn   | Place    | Note
-------+----------+-------------------------------------------
     0 | D:1      | Zeld the Tengu Air Elementalist began the quest for the
                  | Orb.
     0 | D:1      | Reached XP level 1. HP: 10/10 MP: 4/4
   251 | D:1      | Reached XP level 2. HP: 9/15 MP: 1/6
   371 | D:1      | Reached skill level 1 in Armour
   507 | D:1      | Reached XP level 3. HP: 16/20 MP: 0/7
   512 | D:1      | Learned a level 3 spell: Static Discharge
  1919 | D:2      | Reached XP level 4. HP: 24/24 MP: 3/8
  1978 | D:2      | Learned a level 4 spell: Airstrike
  2715 | D:2      | HP: 1/24 [gnoll (4)]
  2716 | D:2      | Slain by a gnoll

Illustrated notes

Levels and vault maps discovered:
D:1:      minmay_arrival_four_loops, layout_basic, minmay_pentomino_r2
D:2:      layout_basic
D:3:      layout_basic, minmay_checkerbox

Skill      XL: |  1  2  3  4 |
---------------+-------------+-----
Armour         | 1 2 |  2.0
Fighting       | |  0.8
Dodging        | |  2.5
Stealth        | |  2.2
Spellcasting   | |  2.6
Conjurations   | |  1.9
Air Magic      | |  4.5

Action                   |  1- 3 |  4- 6 || total
-------------------------+-------+-------++-------
Melee: Unarmed           |     5 |    12 ||    17
       Peck              |     2 |     2 ||     4
       Kick              |     2 |     1 ||     3
 Cast: Shock             |    86 |    48 ||   134
Armor: Robe              |     2 |     4 ||     6
Dodge: Dodged            |    15 |    23 ||    38
